Map: Blackburn LE

Players

Dracnum

  • Race: Protoss Protoss
  • League: Diamond
  • Spawn Location: 7:00

Pumba - Winner!

  • Race: Zerg Zerg
  • League: Diamond
  • Spawn Location: 5:00

VOD

Have the link to the VOD?

Description

Time

  • Played on: Aug. 10, 2021, 8:01 p.m.
  • Length: 10:20
Show
View Real Time Build Order
Export as new Build Order

Dracnum Protoss 

Build Orders:  

Get SALT Encoding   

  12  0:09  Probe  
  13  0:23  Probe, Pylon  
  14  0:38  Probe  
  15  0:53  Probe (Chrono Boost), Gateway  
  15  0:54  Forge  
  16  1:03  Probe (Chrono Boost)  
  17  1:09  Probe  
  18  1:16  Assimilator  
  18  1:21  Probe, Pylon  
  19  1:43  Probe  
  20  1:55  Probe  
  21  2:04  Cybernetics Core  
  21  2:05  Nexus  
  21  2:07  Probe  
  22  2:31  Probe  
  23  2:39  Assimilator  
  23  2:41  Pylon  
  23  2:45  Warp Gate  
  23  2:59  Zealot, Probe  
  26  3:11  Probe  
  27  3:13  Stargate  
  27  3:23  Probe (Chrono Boost)  
  29  3:29  Probe (Chrono Boost)  
  29  3:32  Probe (Chrono Boost)  
  30  3:34  Robotics Facility  
  30  3:35  Gateway  
  30  3:36  Gateway  
  30  3:37  Probe (Chrono Boost)  
  31  3:56  Probe x2  
  31  3:58  Void Ray (Chrono Boost)  
  37  4:09  Probe x2  
  39  4:15  Pylon  
  39  4:20  Assimilator  
  39  4:21  Probe x2  
  42  4:24  Observer  
  42  4:34  Twilight Council  
  42  4:36  Probe x2  
  44  4:46  Protoss Ground Weapons Level 1  
  44  4:48  Probe x2  
  44  4:52  Zealot x3  
  50  4:55  Warp Prism  
  54  5:00  Pylon  
  54  5:03  Pylon  
  54  5:09  Charge (Chrono Boost)  
  54  5:18  Probe x2  
  54  5:21  Zealot x3  
  62  5:34  Void Ray  
  66  5:49  Immortal (Chrono Boost)  
  66  5:50  Gateway  
  66  5:51  Gateway  
  70  5:59  Shield Battery  
  70  6:01  Pylon x2  
  70  6:21  Probe x2  
  70  6:23  Immortal  
  76  6:26  Zealot  
  76  6:27  Zealot x2  
  76  6:28  Gateway  
  82  6:33  Probe  
  83  6:41  Dark Shrine  
  83  6:47  Pylon  
  83  6:50  Pylon  
  83  6:51  Sentry  
  85  7:05  Void Ray  
  89  7:13  Shield Battery  
  89  7:17  Probe x2  
  91  7:28  Zealot x5  
  101  7:45  Pylon  
  101  7:47  Pylon  
  99  8:02  Robotics Bay  
  99  8:14  Assimilator  
  99  8:15  Pylon  
  99  8:18  Robotics Facility  
  99  8:19  Nexus  
  99  8:20  Gateway  
  99  8:21  Assimilator x2  
  99  8:22  Gateway  
  99  8:27  Pylon  
  99  8:41  Dark Templar x2  
  99  8:42  Dark Templar x2  
  107  8:50  Probe  
  107  8:51  Colossus (Chrono Boost), Probe  
  115  9:03  Probe x2  
  117  9:15  Probe x2  
  119  9:17  Forge  
  119  9:21  Colossus (Chrono Boost)  
  119  9:28  Zealot x2  
  119  9:29  Zealot x2  
  133  9:43  Shield Battery  
  133  9:45  Shield Battery  
  133  9:53  Stalker x2  
  133  9:54  Stalker x2  
  101  10:04  Dark Templar  
  101  10:05  Dark Templar x2  
Show
View Real Time Build Order
Export as new Build Order

Pumba Zerg - Winner!

Build Orders: Pool First, Roach Hydra 

Get SALT Encoding   

  12  0:00  Drone  
  13  0:12  Overlord  
  13  0:18  Drone  
  14  0:31  Drone x2  
  16  0:38  Drone  
  17  0:46  Spawning Pool  
  17  0:48  Drone  
  17  0:57  Drone  
  18  1:12  Hatchery  
  18  1:15  Drone  
  18  1:19  Extractor  
  18  1:21  Drone  
  18  1:32  Drone  
  19  1:36  Queen  
  21  1:41  Zergling x2  
  22  1:49  Overlord  
  22  2:09  Drone  
  22  2:11  Queen  
  22  2:14  Drone  
  26  2:23  Drone  
  26  2:25  Metabolic Boost  
  27  2:32  Drone  
  28  2:39  Drone x2  
  30  2:49  Hatchery  
  29  2:55  Queen  
  29  2:58  Overlord  
  31  3:01  Drone  
  31  3:04  Drone x2  
  34  3:07  Drone  
  35  3:19  Drone x3  
  38  3:20  Overlord  
  38  3:24  Drone x2  
  38  3:25  Drone  
  41  3:28  Overlord  
  41  3:38  Drone x3  
  44  3:55  Drone x6  
  44  3:56  Drone x4  
  54  4:05  Roach Warren  
  54  4:06  Overlord  
  54  4:07  Overlord  
  53  4:11  Lair  
  53  4:12  Extractor  
  53  4:14  Extractor x2  
  50  4:23  Drone x2  
  50  4:24  Drone x2  
  53  4:39  Drone x7  
  53  4:40  Overlord  
  60  4:52  Overlord  
  60  5:01  Roach x2  
  60  5:02  Roach x3  
  60  5:05  Roach  
  60  5:06  Roach  
  74  5:09  Queen  
  76  5:14  Glial Reconstitution  
  76  5:20  Drone  
  76  5:21  Drone x2, Evolution Chamber x2  
  78  5:23  Hydralisk Den  
  76  5:28  Spore Crawler  
  76  5:30  Queen  
  76  5:32  Spore Crawler  
  76  5:34  Spore Crawler  
  75  5:40  Overlord x2  
  75  5:49  Queen  
  77  5:52  Drone x4  
  77  5:54  Overlord x2  
  77  5:57  Extractor x2  
  79  6:08  Zerg Ground Armor Level 1, Zerg Missile Weapons Level 1  
  79  6:09  Grooved Spines  
  79  6:11  Drone  
  80  6:14  Drone  
  80  6:15  Drone x3  
  80  6:16  Overlord  
  80  6:17  Drone x2  
  80  6:18  Drone x2  
  88  6:33  Drone x3  
  88  6:34  Drone  
  88  6:35  Overseer  
  92  6:43  Hydralisk x7  
  106  6:48  Hydralisk x4  
  114  6:55  Overlord x3  
  114  7:09  Hydralisk x3  
  120  7:18  Hydralisk x8  
  120  7:20  Muscular Augments  
  136  7:34  Hydralisk x4  
  144  7:59  Hatchery  
  144  8:05  Overlord  
  143  8:22  Roach  
  143  8:23  Overlord x6  
  143  8:24  Hydralisk x4  
  153  8:35  Overseer x2  
  153  8:46  Drone  
  154  8:56  Roach x11  
  154  9:01  Spore Crawler  
  175  9:06  Roach x2  
  175  9:07  Roach x7  
  193  9:30  Hydralisk  
  193  9:31  Hydralisk x2  
Tags
 
Add a new tag
Caveats
  • Supply blocks, unpowered buildings, or Contaminate may cause inaccurate times.
  • Supply counts are checked every 10 seconds.